 Dungeon Crawl Stone Soup version 0.28-a0-938-gbc3f381ebc (webtiles) character file.

Game seed: 11930000237739318851

6409 karkarkar the Basher (level 10, -4/91 HPs)
             Began as a Hill Orc Artificer on Nov 28, 2021.
             Was a Believer of Makhleb.
             Killed from afar by an acid dragon (22 damage)
             ... with a splash of acid
             ... on level 10 of the Dungeon on Nov 29, 2021.
             The game lasted 00:59:54 (14290 turns).

karkarkar the Basher (Hill Orc Artificer)          Turns: 14290, Time: 00:59:55

Health: -4/91      AC: 10    Str: 19    XL:     10   Next: 98%
Magic:  12/12      EV:  6    Int: 11    God:    Makhleb [**....]
Gold:   399        SH: 15    Dex: 11    Spells: 8/9 levels left

rFire   . . .      SeeInvis .   a - +3 whip (elec)
rCold   . . .      Faith    .   D - +2 kite shield
rNeg    . . .      Spirit   .   t - +0 chain mail
rPois   +          Reflect  +   n - +0 helmet
rElec   .          Harm     .   v - scarf {+Inv}
rCorr   .          Rampage  .   (no gloves)
Will    .....                   h - +2 pair of boots
Stlth   ..........              r - amulet of reflection
HPRegen 0.25/turn               i - ring of poison resistance
MPRegen 0.13/turn               o - ring of wizardry

@: corroded
A: no striking features
a: Renounce Religion, Evoke Invisibility, Minor Destruction


You were on level 10 of the Dungeon.
You worshipped Makhleb.
Makhleb was pleased with you.
You visited 3 branches of the dungeon, and saw 12 of its levels.

You collected 489 gold pieces.
You spent 90 gold pieces at shops.

Inventory:

Hand Weapons
 a - a +3 whip of electrocution (weapon)
 b - a +1 short sword of flaming
Missiles
 s - 4 poisoned darts (quivered)
Armour
 h - a +2 pair of boots (worn)
 n - a +0 helmet (worn)
 t - a +0 chain mail (worn)
 v - a scarf of invisibility (worn)
 D - a +2 kite shield (worn)
Jewellery
 i - a ring of poison resistance (left hand)
 o - a ring of wizardry (right hand)
 r - an amulet of reflection (around neck)
Wands
 d - a wand of charming (2)
 g - a wand of flame (3)
 w - a wand of iceblast (10)
 C - a wand of paralysis (11)
Scrolls
 j - 2 scrolls of noise
 x - a scroll of teleportation
 y - a scroll of vulnerability
 E - a scroll of magic mapping
 F - a scroll of fog {unknown}
 G - a scroll of identify
Potions
 c - 2 potions of haste
 f - a potion of mutation
 k - 3 potions of attraction
 l - a potion of curing
 m - 2 potions of resistance
 p - 3 potions of flight
 q - 4 potions of invisibility {unknown}
 u - 2 potions of ambrosia
 z - a potion of might {unknown}
 A - 3 potions of brilliance
 B - a potion of lignification {unknown}
Miscellaneous
 e - a piece from Xom's chessboard (15/15)


   Skills:
 - Level 9.0 Fighting
 * Level 9.4 Maces & Flails
 - Level 6.8 Throwing
 - Level 5.0 Armour
 - Level 2.5 Dodging
 - Level 2.5 Stealth
 * Level 4.1 Shields
 * Level 2.8 Invocations
 * Level 5.2 Evocations


You had 8 spell levels left.
You knew the following spells:

 Your Spells              Type           Power      Damage    Failure   Level
a - Slow                  Hex            0%         N/A       99%         1

Your spell library contained the following spells:

 Spells                   Type           Power      Damage    Failure   Level
 Confusing Touch          Hex            0%         N/A       100%        3
 Dazzling Flash           Conj/Hex       0%         N/A       100%        3
 Agony                    Necr           0%         N/A       100%        5
 Silence                  Hex/Air        0%         N/A       100%        5
 Yara's Violent Unravell  Hex/Tmut       0%         3d3       100%        5


Dungeon Overview and Level Annotations

Branches:
Dungeon (10/15)            Temple (1/1) D:4            Lair (1/6) D:9
    Orc (0/2) D:9

Altars:
Ashenzari
Cheibriados
Dithmenos
Elyvilon
Fedhas
Gozag
Hepliaklqana
Kikubaaqudgha
Makhleb
Nemelex Xobeh
Okawaru
Ru
Sif Muna
Trog
Vehumet
Wu Jian
Xom
Yredelemnul
Zin
The Shining One

Shops:
D:3 [

Annotations:
D:5 2 runed translucent doors
D:7 1 runed translucent door, bearlyready's ghost, novice KoHu


Message History

The curare-tipped dart hits the kobold brigand.
The kobold brigand looks as sick as possible!
The kobold brigand convulses.
The kobold brigand seems to slow down.
A kobold comes into view. It is wielding a +0 short sword.
The kobold brigand throws a curare-tipped dart.
The curare-tipped dart barely misses you.
An acid dragon comes into view.
The kobold throws a stone.
You reflect the stone off an invisible shield around you!
The stone barely misses the kobold.
You kill the kobold brigand!
Makhleb accepts your kill. You block the kobold's attack.
You whack the kobold!
You kill the kobold!
Makhleb accepts your kill.
You feel better. The acid dragon spits acid at you.
The splash of acid hits you! The acid corrodes you!
Okay, then.
Okay, then.
Unknown command.
Press: ? - help, Shift-Dir - straight line, f - acid dragon
Aim: an acid dragon (catching its breath)
The glob of acid hits the acid dragon.
The acid dragon is lightly wounded.
You block the acid dragon's attack.
The acid dragon claws you but does no damage.
You feel yourself speed up. The acid dragon spits acid at you.
The splash of acid hits you!! The acid dragon spits acid at you.
The splash of acid hits you!! The acid corrodes you!
Unknown command.
The acid dragon spits acid at you. The splash of acid hits you!
* * * LOW HITPOINT WARNING * * *
The acid dragon spits acid at you. The splash of acid hits you!!
You die...

###.######### #...#
#...# #.# #..D# #.#
#...# #.# #...# #.#
#...# #.# #...# #.#
#..@#############.#
####................<#
......................#
#########..>..........#
#..############ #..#
#..# #..# #..#


You could see an acid dragon (catching breath).

Vanquished Creatures
  A centaur warrior (D:9)
  Pikel (D:5)
  A cyclops (D:9)
  A komodo dragon (D:9)
  2 shadows (D:9)
  4 yaks (D:9)
  A steam dragon (D:9)
  A water moccasin (D:6)
  2 orc warriors
  4 ice beasts
  2 necrophages
  An ogre (D:7)
  2 phantoms (D:9)
  A lemure (D:5)
  5 centaurs
  A kobold brigand (D:10)
  3 bullfrogs
  3 gnoll sergeants (D:9)
  A water moccasin zombie (D:6)
  2 scorpions (D:7)
  A wyvern skeleton (D:7)
  A troll zombie (D:9)
  8 killer bees
  2 centaur zombies
  2 hounds (D:6)
  2 orc priests
  A bullfrog skeleton (D:6)
  Jessica (D:2)
  2 iguanas
  2 orc wizards
  5 ogre zombies (D:9)
  A hound zombie (D:5)
  A howler monkey zombie (D:9)
  Robin (D:2)
  3 adders
  12 gnolls
  A shadow imp (D:5)
  3 worms
  4 dart slugs
  13 orcs
  4 ball pythons
  4 endoplasms
  3 giant cockroaches
  16 goblins
  8 hobgoblins
  12 kobolds
  3 quokkas
  2 bats
  2 frilled lizards
  A goblin skeleton (D:9)
  4 hobgoblin skeletons (D:9)
  2 hobgoblin zombies (D:9)
  An orc skeleton (D:9)
  11 orc zombies (D:9)
  6 rats
184 creatures vanquished.

Vanquished Creatures (collateral kills)
  4 killer bees
  2 gnolls (D:3)
  A kobold (D:2)
7 creatures vanquished.

Vanquished Creatures (others)
  2 killer bees
  2 goblins (D:2)
  A kobold (D:10)
  A frilled lizard (D:1)
  A plant (Lair:1)
7 creatures vanquished.

Grand Total: 198 creatures vanquished

Notes
Turn   | Place    | Note
-------+----------+-------------------------------------------
     0 | D:1      | karkarkar the Hill Orc Artificer began the quest for the
                  | Orb.
     0 | D:1      | Reached XP level 1. HP: 16/16 MP: 1/1
   208 | D:1      | Reached skill level 1 in Stealth
   457 | D:1      | Reached XP level 2. HP: 23/23 MP: 2/2
   944 | D:1      | Found a faded altar of an unknown god.
  1595 | D:2      | Reached XP level 3. HP: 15/28 MP: 3/3
  1847 | D:2      | Noticed Robin
  1862 | D:2      | Killed Robin
  1863 | D:2      | Reached skill level 1 in Dodging
  1901 | D:2      | Reached skill level 1 in Maces & Flails
  2138 | D:2      | Reached XP level 4. HP: 36/36 MP: 4/4
  2650 | D:2      | Noticed Jessica
  3003 | D:2      | Killed Jessica
  3194 | D:3      | Found Uheklitynt's Antique Armour Shoppe.
  3340 | D:3      | Reached XP level 5. HP: 34/42 MP: 5/5
  3525 | D:3      | Reached skill level 1 in Throwing
  4197 | D:4      | Found a staircase to the Ecumenical Temple.
  4410 | D:5      | Entered Level 5 of the Dungeon
  4430 | D:5      | Noticed a centaur
  4478 | D:5      | Killed a centaur
  4479 | D:5      | Reached XP level 6. HP: 47/51 MP: 6/6
  4934 | Temple   | Entered the Ecumenical Temple
  5418 | Temple   | Became a worshipper of Makhleb the Destroyer
  5559 | D:4      | Found Zin's Purification Station.
  5564 | D:4      | Found a glowing silver altar of Zin.
  5567 | D:4      | Bought a potion of curing for 90 gold pieces
  6106 | D:5      | Noticed Pikel
  6131 | D:5      | Killed Pikel
  6132 | D:5      | Reached skill level 5 in Armour
  6132 | D:5      | Reached XP level 7. HP: 6/60 MP: 7/7
  6470 | D:5      | Found a runed translucent door.
  6472 | D:5      | Found a runed translucent door.
  6472 | D:5      | Noticed a vampire mosquito
  6472 | D:5      | Noticed a vampire mosquito
  6473 | D:5      | Noticed a vampire mosquito
  6473 | D:5      | Noticed a vampire mosquito
  6682 | D:5      | Found a shadowy altar of Dithmenos.
  6802 | D:5      | Reached XP level 8. HP: 61/67 MP: 8/8
  7107 | D:6      | Reached skill level 5 in Fighting
  7446 | D:6      | Reached skill level 5 in Throwing
  7923 | D:6      | Learned a level 1 spell: Slow
  8070 | D:7      | Reached XP level 9. HP: 69/77 MP: 9/9
  8789 | D:7      | Reached skill level 5 in Maces & Flails
  8994 | D:7      | Noticed bearlyready's ghost (novice KoHu)
  9009 | D:7      | Found a runed translucent door.
 10522 | D:8      | Reached skill level 1 in Shields
 10613 | D:8      | Found a bloodstained altar of Trog.
 10847 | D:8      | Reached * piety under Makhleb
 10983 | D:9      | Reached XP level 10. HP: 59/88 MP: 10/10
 11147 | D:9      | Found a staircase to the Lair.
 11759 | D:9      | Found a staircase to the Orcish Mines.
 11820 | D:9      | Noticed a centaur warrior
 12053 | D:9      | Found a shimmering altar of Xom.
 12305 | D:9      | Reached ** piety under Makhleb
 12904 | D:9      | Noticed a cyclops
 12922 | D:9      | Killed a cyclops
 12923 | D:9      | Reached skill level 1 in Invocations
 13339 | D:9      | Killed a centaur warrior
 13340 | D:9      | Reached skill level 5 in Evocations
 13816 | Lair:1   | Entered Level 1 of the Lair of Beasts
 14190 | D:10     | Entered Level 10 of the Dungeon
 14290 | D:10     | Killed from afar by an acid dragon

Illustrated notes

Levels and vault maps discovered:
D:1:      minmay_arrival_nine_rooms, layout_basic,
          shapermc_ecumenical_altar_venn
D:2:      layout_basic, uniq_jessica, uniq_robin
D:3:      layout_loops_corners, serial_shops, shop_statue,
          hangedman_decor_points
D:4:      layout_layer_cave, zin_purify, minmay_temple_entry_junction_2
D:5:      lemuel_insect_pit, layout_basic, grunt_dithmenos_smoke, uniq_pikel
D:6:      layout_basic
D:7:      layout_basic, hellmonk_ghost_happy_afterlife, minmay_misc_feat_x,
          kennysheep_nondescript
D:8:      layout_basic, general_overflow_altar
D:9:      layout_stronghold, mainiacjoe_overflow_paths, lair_entry_dummy,
          zombieorc1_lemuel, st_stairs_6, hex_large,
          chequers_serial_rivers_micro_d
D:10:     layout_long_grid, mainiacjoe_overflow_chevrons,
          nicolae_qazlal_general_emergency, nicolae_benzene_ring
Temple:   minmay_temple_bridge_d
Lair:1:   layout_regular_city, serial_bayou_shore_a, infiniplex_staircase_pool,
          lemuel_fruit_fields

Skill      XL: |  1  2  3  4  5  6  7  8  9 10 |
---------------+-------------------------------+-----
Stealth        | 1 2 |  2.5
Dodging        | 1 2 |  2.5
Maces & Flails | 1 4 7 9 |  9.4
Fighting       | 2 3 4 6 7 9 |  9.0
Armour         | 3 5 |  5.0
Throwing       | 2 4 5 6 |  6.8
Shields        | 1 4 |  4.1
Evocations     | 4 5 |  5.2
Invocations    | 2 |  2.8

Action                   |  1- 3 |  4- 6 |  7- 9 | 10-12 || total
-------------------------+-------+-------+-------+-------++-------
Melee: Club              |    98 |       |       |       ||    98
       Short sword       |    51 |    88 |    57 |       ||   196
       Whip              |       |       |   195 |   256 ||   451
Throw: Dart              |     3 |   118 |    59 |    38 ||   218
Invok: Minor Destruction |       |       |       |     2 ||     2
Evoke: Wand              |    17 |    14 |    12 |     9 ||    52
       Piece from Xom's  |    11 |     6 |       |       ||    17
  Use: Scroll            |     2 |     7 |     6 |     3 ||    18
       Potion            |       |     1 |     3 |     4 ||     8
 Stab: Confused          |     2 |       |       |       ||     2
       Petrified         |    11 |       |       |       ||    11
       Distracted        |       |       |     1 |       ||     1
       Paralysed         |       |       |       |     2 ||     2
Armor: Leather armour    |    49 |     1 |       |       ||    50
       Chain mail        |       |    85 |   175 |   105 ||   365
Dodge: Dodged            |    80 |    37 |    84 |    62 ||   263
Block: Other             |       |       |    32 |    31 ||    63
       Reflection        |       |       |     4 |     7 ||    11
       Kite shield       |       |       |       |    68 ||    68

Table legend: (Time is in decaauts)
 A = Elapsed time spent in this place.
 B = Non-inter-level travel time spent in this place.
 C = Inter-level travel time spent in this place.
 D = Time resting spent in this place.
 E = Time spent auto-exploring this place.
 F = Levels seen in this place.
 G = Mean time per level.
                   A        B        C        D        E       F      G
               +--------+--------+--------+--------+--------+-----+--------+
         Total |  14186 |  13636 |    550 |   3068 |   8078 |  12 | 1182.2 |
       Dungeon |  13612 |  13209 |    403 |   3068 |   7679 |  10 | 1361.2 |
        Temple |    555 |    409 |    146 |      0 |    399 |   1 |  555.0 |
          Lair |     18 |     18 |      0 |      0 |      0 |   1 |   18.0 |
               +--------+--------+--------+--------+--------+-----+--------+

Top non-repeatable levels by time:
     D:9: 2991 daAuts
     D:2: 1721 daAuts
     D:8: 1467 daAuts
     D:1: 1409 daAuts
     D:7: 1323 daAuts
     D:6: 1246 daAuts
     D:4: 1141 daAuts
     D:5: 1133 daAuts
     D:3: 1076 daAuts
  Temple: 555 daAuts
    D:10: 102 daAuts
  Lair:1: 18 daAuts
